 Dungeon Crawl Stone Soup version 0.28-a0-1624-g820543e53a (webtiles) character file.

Game seed: 7186090482589971592

10 HallandMoats the Skirmisher (level 2, 8/26 HPs)
             Began as a Ghoul Fighter on Jan 23, 2022.
             Was a Follower of Nemelex Xobeh.
             Safely got out of the dungeon.
             The game lasted 00:00:24 (36 turns).

HallandMoats the Skirmisher (Ghoul Fighter)           Turns: 36, Time: 00:00:24

Health: 8/26       AC:  6    Str: 19    XL:     2   Next: 20%
Magic:  1/1        EV:  9    Int:  3    God:    Nemelex Xobeh [*.....]
Gold:   0          SH:  4    Dex:  8    Spells: 1/1 levels left

rFire   . . .      SeeInvis .     - Unarmed
rCold   + . .      Faith    .   b - +0 buckler
rNeg    + + +      Spirit   .   a - +0 scale mail
rPois   ∞          Reflect  .   (no helmet)
rElec   .          Harm     .   (no cloak)
rCorr   .          Rampage  .   (no gloves)
Will    .....                   (no boots)
Stlth   ..........              (no amulet)
HPRegen 0.08/turn               (no ring)
MPRegen 0.07/turn               (no ring)

@: no status effects
A: claws 1, cold resistance 1, negative energy resistance 3, inhibited
regeneration, torment resistance 2
a: Renounce Religion, Draw Escape, Draw Destruction, Draw Summoning


You escaped.
You worshipped Nemelex Xobeh.
Nemelex Xobeh was aware of your devotion.
You visited 1 branch of the dungeon, and saw 1 of its levels.

Inventory:

Armour
 a - a +0 scale mail (worn)
 b - a +0 buckler (worn)
Potions
 c - a potion of might


   Skills:
 * Level 3.5 Fighting
 + Level 2.7 Armour
 + Level 0.3 Dodging
 + Level 2.7 Shields
 - Level 2.1 Unarmed Combat
 * Level 0.9 Invocations


You had one spell level left.
You didn't know any spells.
Your spell library was empty.

Dungeon Overview and Level Annotations

Branches:
Dungeon (1/15)

Altars:
Nemelex Xobeh


Innate Abilities, Weirdness & Mutations

You thrive by killing the living.
You are immune to poison.
You have sharp fingernails.
Your flesh is cold resistant. (rC+)
You are immune to negative energy. (rN+++)
You do not regenerate when monsters are visible.
You are immune to unholy pain and torment.


Message History

You are too injured to fight recklessly!
You are too injured to fight recklessly!
You are too injured to fight recklessly!
You are too injured to fight recklessly!
You are too injured to fight recklessly!
You are too injured to fight recklessly!
You are too injured to fight recklessly!
You are too injured to fight recklessly!
You are too injured to fight recklessly!
You scratch the gnoll but do no damage.
The gnoll is heavily wounded.
The gnoll hits you with a +0 flail.
* * * LOW HITPOINT WARNING * * *
You claw the gnoll!
The gnoll is almost dead.
The gnoll hits you but does no damage.
You scratch the gnoll but do no damage.
The gnoll is almost dead.
You block the gnoll's attack.
You claw the gnoll!
You kill the gnoll!
You have reached level 2!
Things that are here:
a +0 flail; a gnoll corpse
There is a faded altar of an unknown god here.
You cannot tell which god this altar belongs to.
Convert to them anyway?
Nemelex Xobeh accepts your prayer! Nemelex Xobeh welcomes you!
You can now draw from decks of power.
Nemelex will now gift you decks of power as you gain piety.
Nemelex Xobeh deals you some cards!
You now have 4 destruction cards and 2 summoning cards.
Unknown command.
Press < or > to pray at altars.
Unknown command.
Press < or > to pray at altars.
There is an open door here.
There is a staircase leading out of the dungeon here.
Are you sure you want to leave the Dungeon?
This will make you lose the game!
You have escaped!

...#....)######....
....##...........#
#... ###.......##
#.. ###...### #.
##.## ###'###
##.....## #.......#
#...@...# ##.....##
#.....# +#####+


There were no monsters in sight!

Vanquished Creatures
  A gnoll (D:1)
1 creature vanquished.

Notes
Turn   | Place    | Note
-------+----------+-------------------------------------------
     0 | D:1      | HallandMoats the Ghoul Fighter began the quest for the Orb.
     0 | D:1      | Reached XP level 1. HP: 19/19 MP: 0/0
     5 | D:1      | Found a faded altar of an unknown god.
    17 | D:1      | Reached XP level 2. HP: 7/26 MP: 1/1
    22 | D:1      | Prayed at the altar of an unknown god.
    22 | D:1      | Became a worshipper of Nemelex Xobeh the Trickster
    22 | D:1      | Reached * piety under Nemelex Xobeh
    22 | D:1      | Received a gift from Nemelex Xobeh
    36 | D:$      | Safely got out of the dungeon.

Illustrated notes

Levels and vault maps discovered:
D:1:      onia_arrival_pentagram, layout_basic, basic_ecumenical_altar

Action                   || total
-------------------------++-------
Melee: Unarmed           ||     9
Armor: Scale mail        ||     1
Dodge: Dodged            ||     4
Block: Buckler           ||     1

Table legend: (Time is in decaauts)
 A = Elapsed time spent in this place.
 B = Non-inter-level travel time spent in this place.
 C = Inter-level travel time spent in this place.
 D = Time resting spent in this place.
 E = Time spent auto-exploring this place.
 F = Levels seen in this place.
 G = Mean time per level.
                   A        B        C        D        E       F      G
               +--------+--------+--------+--------+--------+-----+--------+
         Total |     36 |     36 |      0 |      0 |      4 |   1 |   36.0 |
       Dungeon |     36 |     36 |      0 |      0 |      4 |   1 |   36.0 |
               +--------+--------+--------+--------+--------+-----+--------+

Top non-repeatable levels by time:
     D:1: 36 daAuts
